 Dungeon Crawl Stone Soup version 0.15-a0-413-gc6111ba (webtiles) character file.

207 PolkaDot the Sneak (level 4, -3/34 HPs)
             Began as a Vampire Assassin on May 5, 2014.
             Killed by divine providence
             ... invoked by an orc priest
              (13 damage)
             ... on Level 3 of the Dungeon.
             The game lasted 00:06:53 (2254 turns).

PolkaDot the Sneak (Vampire Assassin)               Turns: 2254, Time: 00:06:53

HP  -3/34        AC  3     Str 10      XL: 4   Next: 20%
MP   3/4         EV 12     Int 13      God:
Gold 126         SH  0     Dex 16      Spells:  1 memorised,  1 level left

rFire  . . .     SeeInvis +     a - +2 dagger
rCold  + . .     Clarity  .     c - +0 robe
rNeg   + + .     Conserve .     (no shield)
rPois  +         rCorr    +     (no helmet)
rElec  .         rRot     +     d - +0 cloak
SustAb . .       Spirit   .     (no gloves)
rMut   .         Warding  .     (no boots)
Saprov . . .     Stasis   .     s - amulet of resist corrosion
MR     +....                    n - ring of protection from magic
                                k - cursed ring of stealth

@: regenerating slowly, somewhat resistant to hostile enchantments, quite
stealthy
A: fangs 3, see invisible, unbreathing
a: Bat Form


You were on level 3 of the Dungeon.
You were very thirsty.

You visited 1 branch of the dungeon, and saw 3 of its levels.

You collected 126 gold pieces.

Inventory:

Hand weapons
 a - a +2,+2 dagger (weapon)
 b - a +0 blowgun
Missiles
 e - 8 poisoned needles
 f - 4 curare-tipped needles
Armour
 c - a +0 robe (worn)
 d - a +0 cloak (worn)
Scrolls
 g - 2 scrolls of remove curse {unknown}
 h - 2 scrolls of identify {unknown}
 i - a scroll of recharging {unknown}
 o - a scroll of enchant armour {unknown}
 t - a scroll of immolation {unknown}
Jewellery
 k - a cursed ring of stealth (left hand)
 n - a ring of protection from magic (right hand)
 s - an amulet of resist corrosion (around neck)
Potions
 j - a potion of haste {unknown}
 l - a potion of heal wounds
 m - a potion of brilliance {unknown}
 p - a potion of poison {unknown}
 q - 2 potions of agility {unknown}
Books
 r - a book of Maledictions

   Spells                             Type                      Level
   Corona                             Hexes                        1
   *Sure Blade                        Hexes/Charms                 2
   Ensorcelled Hibernation            Hexes/Ice                    2
   Confuse                            Hexes                        3
   Dazzling Spray                     Conjuration/Hexes            3
   Enslavement                        Hexes                        4


   Skills:
 - Level 2.4 Fighting
 - Level 3.1 Short Blades
 - Level 1.5 Throwing
 - Level 1.1 Dodging
 * Level 7.3 Stealth
 + Level 0.0 Hexes
 + Level 0.4 Charms


You had one spell level left.
You knew the following spells:

 Your Spells              Type           Power        Failure   Level  Hunger
b - Sure Blade            Hex/Chrm       #.........   47%         2    ###....


Dungeon Overview and Level Annotations

Branches:
Dungeon (3/15)

Altars:
Nemelex Xobeh
Trog


Innate Abilities, Weirdness & Mutations

You heal slowly.
You have razor-sharp teeth.*
You have supernaturally acute eyesight.
You can survive without breathing.*


Message History

The orc priest hits you.
You hit the orc priest.
The orc priest is heavily wounded.
The orc priest invokes the aid of Beogh against you.
Something smites you!
* * * LOW HITPOINT WARNING * * *
You closely miss the orc priest.
The orc priest is heavily wounded.
Drink which item? (? for menu, Esc to quit)
You feel much better.
It was a potion of heal wounds.
The orc priest hits you.
You barely miss the orc priest. Your bite misses the orc priest.
The orc priest is heavily wounded.
The orc priest invokes the aid of Beogh against you.
Pain shoots through your body!
* * * LOW HITPOINT WARNING * * *
You hit the orc priest.
The orc priest is severely wounded.
The orc priest invokes the aid of Beogh against you.
Something smites you!
You die...

#.# #####.#
#.(...#
##.#### #.#
#.# #.# #.#
#@#
##o#####.##
#.....oo..#
########.##


You could see an orc priest.

Vanquished Creatures
  An adder (D:2)
  A giant mite (D:2)
  2 giant geckos (D:1)
  An ooze (D:1)
  4 orcs (D:3)
  6 giant cockroaches
  7 hobgoblins
  12 bats
  A giant newt (D:1)
  10 goblins
  7 kobolds
  6 rats
58 creatures vanquished.

Notes
Turn   | Place    | Note
--------------------------------------------------------------
     0 | D:1      | PolkaDot, the Vampire Assassin, began the quest for the Orb.
     0 | D:1      | Reached XP level 1. HP: 16/16 MP: 1/1
   187 | D:1      | Reached skill level 6 in Stealth
   274 | D:1      | Reached XP level 2. HP: 20/22 MP: 2/2
  1174 | D:2      | Reached XP level 3. HP: 25/27 MP: 3/3
  1252 | D:2      | Reached skill level 7 in Stealth
  1308 | D:2      | Found a bloodstained altar of Trog.
  1969 | D:3      | Learned a level 2 spell: Sure Blade
  2037 | D:3      | Reached XP level 4. HP: 31/34 MP: 4/4
  2141 | D:3      | Found a sparkling altar of Nemelex Xobeh.
  2254 | D:3      | Killed from afar by an orc priest

Action                   |  1- 3 |  4- 6 || total
-------------------------+-------+-------++-------
Melee: Dagger            |   126 |    32 ||   158
 Cast: Sure Blade        |       |     1 ||     1
  Use: Potion            |     1 |     1 ||     2
 Stab: Sleeping          |    12 |     3 ||    15
